 Dungeon Crawl Stone Soup version 0.28.0-53-g5a82cb258f (webtiles) character file.

Game seed: 17290509470868436329

4 PentaManta the Ducker (level 1, 4/11 HPs)
             Began as a Spriggan Abyssal Knight on June 18, 2022.
             Was an Initiate of Lugonu.
             Got out of the dungeon alive.
             The game lasted 00:00:43 (97 turns).

PentaManta the Ducker (Spriggan Abyssal Knight)       Turns: 97, Time: 00:00:43

Health: 4/11       AC:  2    Str:  9    XL:     1   Next: 58%
Magic:  3/3        EV: 18    Int: 11    God:    Lugonu [......]
Gold:   0          SH:  0    Dex: 15    Spells: 0/0 levels left

rFire   . . .      SeeInvis +   d - +0 dagger
rCold   . . .      Faith    .   (no shield)
rNeg    . . .      Spirit   .   b - +0 robe
rPois   .          Reflect  .   (helmet restricted)
rElec   .          Harm     .   (no cloak)
rCorr   .          Rampage  .   (gloves unavailable)
Will    .....                   (boots unavailable)
Stlth   +.........              (no amulet)
HPRegen 0.03/turn               (no ring)
MPRegen 0.08/turn               (no ring)

@: very quick
A: very small, no large weapons, unfitting armour, see invisible, speed 3
a: Renounce Religion


You escaped.
You worshipped Lugonu.
Lugonu was noncommittal.
You visited 1 branch of the dungeon, and saw 1 of its levels.
You visited the Abyss 1 time.

Inventory:

Hand Weapons
 a - a +1 falchion
 d - a +0 dagger (weapon)
Armour
 b - a +0 robe (worn)
Scrolls
 c - a scroll of torment {unknown}


   Skills:
 - Level 2.4 Fighting
 + Level 1.7 Long Blades
 * Level 3.5 Dodging
 - Level 1.7 Invocations


You couldn't memorise any spells.
You didn't know any spells.
Your spell library was empty.

Dungeon Overview and Level Annotations

Branches:
Dungeon (1/15)

Altars:


Innate Abilities, Weirdness & Mutations

You are very small and have problems with some larger weapons.
You are too small for most types of armour.
You have supernaturally acute eyesight. (SInv)
You cover ground extremely quickly. (Speed+++)


Message History

* * * LOW HITPOINT WARNING * * *
You are too injured to fight recklessly!
You are too injured to fight recklessly!
You are too injured to fight recklessly!
You hit the dart slug but do no damage.
The dart slug is severely wounded.
The dart slug launches a dart at you. The slug dart misses you.
You hit the dart slug but do no damage.
The dart slug is severely wounded.
You hit the dart slug.
The dart slug is almost dead.
The dart slug bites you but does no damage.
You barely miss the dart slug.
The dart slug is almost dead.
The dart slug launches a dart at you. The slug dart misses you.
You hit the dart slug but do no damage.
The dart slug is almost dead.
You hit the dart slug but do no damage.
The dart slug is almost dead.
The dart slug barely misses you.
You hit the dart slug but do no damage.
The dart slug is almost dead.
The dart slug launches a dart at you. The slug dart misses you.
You hit the dart slug but do no damage.
The dart slug is almost dead.
You hit the dart slug.
You kill the dart slug!
Lugonu accepts your kill.
You see here a dart slug corpse.
You see here a +0 pair of gloves.
Things that are here:
a +0 club; a goblin corpse You see here a rat corpse.
There is a fountain of clear blue water here.
There is a staircase leading out of the dungeon here.
Are you sure you want to leave the Dungeon?
This will make you lose the game!
You have escaped!

###########
#.........#
#...⌠.⌠...#
#.........#
#.8.....8.#
#.........#
#....@....#
#.........#
#.8.....8.#
#...⌠.⌠...#
#.........#
#..#####..#
#..#≈S≈#..#
#..#≈≈≈#..#
#..#≈≈≈#..#


You could see an electric eel.

Vanquished Creatures
  A dart slug (D:1)
  A goblin (D:1)
  A rat (D:1)
3 creatures vanquished.

Notes
Turn   | Place    | Note
-------+----------+-------------------------------------------
     0 | Abyss:1  | PentaManta the Spriggan Abyssal Knight began the quest for
                  | the Orb.
     0 | Abyss:1  | Reached XP level 1. HP: 11/11 MP: 3/3
     5 | D:1      | Escaped the Abyss
    28 | D:1      | Noticed an electric eel
    97 | D:$      | Got out of the dungeon alive.

Illustrated notes

Levels and vault maps discovered:
D:1:      arrival_aquarium_a, layout_basic,
          shapermc_ecumenical_altar_mp_ritualfount, minmay_ruptured

Action                   || total
-------------------------++-------
Melee: Dagger            ||    18
       Falchion          ||     2
Invok: Depart the Abyss  ||     1
Armor: Robe              ||     1
Dodge: Dodged            ||     7
